AoeStats
← Don27Juan

Arabia

507096162Analyzed
2v2 RM · 14d ago on Sep 16, 2026· 44m 2s· 4 players
Game mode
Random Map
Map size
Medium (4 player)
Population
200
Speed
Normal
Resources
Standard
Victory
Conquest
Starting age
Dark Age
Ending age
Imperial Age
RankedLock teamsTeams togetherTeam positionsShared explorationLock speedFull tech treeHidden civsTurbo modeCheats
Victory
Defeat
🇵🇱 Khitans · Poland
1242
+16
🇨🇿 Maya · Czechia
1220
+16
🇩🇪 Huns · Germany
1248
-17
🇩🇪 Ethiopians · Germany
1215
-15
Don27Juan
7:49 Loom
10:17 Feudal Age
10:52 Double-Bit Axe
17:29 Padded Archer Armor
17:46 Fletching
20:07 Gold Mining
23:35 Castle Age
24:25 Bodkin Arrow
24:26 Crossbowman
25:43 Bow Saw
26:09 Leather Archer Armor
27:37 Elite Skirmisher
30:17 Thumb Ring
34:37 Wheelbarrow
33:47 Town Watch
36:09 Ballistics
44:14 Hand Cart
Han.
7:42 Loom
10:00 Feudal Age
11:03 Horse Collar
11:09 Double-Bit Axe
14:01 Town Watch
18:43 Castle Age
17:15 Gold Mining
17:30 Fletching
20:05 Bow Saw
22:36 Padded Archer Armor
25:19 Bodkin Arrow
27:32 Leather Archer Armor
27:55 Ballistics
27:56 Bloodlines
28:28 Scale Barding Armor
28:59 Forging
30:11 Bloodlines
34:12 Chain Barding Armor
Björn Järnsida
6:13 Loom
9:08 Feudal Age
10:14 Double-Bit Axe
11:46 Forging
20:17 Castle Age
19:44 Scale Barding Armor
19:28 Domestication
20:25 Gold Mining
21:38 Iron Casting
21:32 Bow Saw
28:08 Wheelbarrow
28:36 Chain Barding Armor
33:25 Stone Mining
36:57 Stone Shaft Mining
37:27 Town Watch
40:12 Light Cavalry
40:53 Husbandry
45:24 Imperial Age
43:24 Pastoralism
Diablo
0:26 Loom
10:10 Feudal Age
10:49 Double-Bit Axe
10:46 Horse Collar
12:16 Gold Mining
13:02 Fletching
15:27 Town Watch
15:52 Padded Archer Armor
24:01 Castle Age
23:40 Stone Mining
24:03 Crossbowman
24:56 Bodkin Arrow
25:43 Bow Saw
25:35 Heavy Plow
26:24 Leather Archer Armor
28:44 Stone Shaft Mining
30:54 Elite Skirmisher
33:19 Town Patrol
37:35 Ballistics
44:58 Imperial Age
Connection lost

Rejoining the realm…

Still unreachable

The connection could not be restored.

Session expired

The server has moved on; the page needs a fresh start.